Map: Données C

Players

Kial

  • Race: Terran Terran
  • League: Diamond
  • Spawn Location: 9:00

ItsLLGoodMan - Winner!

  • Race: Protoss Protoss
  • League: Diamond
  • Spawn Location: 3:00

VOD

Have the link to the VOD?

Description

Time

  • Played on: Dec. 29, 2022, 11:02 p.m.
  • Length: 10:39
Show
View Real Time Build Order
Export as new Build Order

Kial Terran 

Build Orders:  

Get SALT Encoding   

  12  0:00  SCV  
  13  0:12  SCV  
  14  0:19  Supply Depot  
  14  0:28  Refinery  
  14  0:31  SCV  
  15  0:43  Barracks  
  15  0:46  SCV  
  16  0:58  SCV  
  17  1:10  SCV  
  18  1:12  Refinery  
  18  1:22  SCV  
  19  1:30  Barracks Tech Lab  
  19  1:36  SCV  
  20  1:42  Supply Depot  
  20  1:48  Orbital Command  
  20  1:53  Ghost Academy  
  20  1:54  Marauder  
  22  2:18  SCV  
  25  2:39  SCV  
  25  2:41  Bunker  
  26  2:51  SCV  
  26  2:55  Personal Cloaking  
  27  3:01  Unknown  
  27  3:04  SCV  
  30  3:06  Supply Depot  
  30  3:23  SCV  
  31  3:29  Unknown  
  31  3:31  Command Center  
  33  3:46  Supply Depot  
  33  3:48  SCV  
  34  4:01  SCV  
  35  4:04  Unknown  
  35  4:06  Refinery  
  35  4:09  Factory  
  33  4:37  SCV  
  34  4:49  SCV  
  34  4:52  Factory Tech Lab  
  35  4:53  Command Center  
  35  4:54  Starport  
  35  4:59  Orbital Command  
  37  5:00  Refinery  
  37  5:03  SCV  
  38  5:15  SCV  
  38  5:16  Supply Depot  
  38  5:20  Siege Tank  
  42  5:22  Unknown  
  42  5:27  SCV  
  45  5:49  SCV x2  
  40  5:57  Starport Tech Lab  
  40  6:01  Engineering Bay  
  38  6:11  Orbital Command, Unknown  
  40  6:32  Raven  
  40  6:39  Unknown  
  38  6:43  Missile Turret  
  38  6:46  Missile Turret  
  38  7:06  SCV  
  39  7:14  Orbital Command  
  39  7:18  Orbital Command, SCV  
  39  7:20  Medivac  
  42  7:30  SCV  
  42  7:36  Missile Turret  
  43  7:41  Missile Turret  
  43  7:42  SCV  
  46  7:46  SCV x2  
  48  7:52  Missile Turret  
  48  7:55  SCV  
  49  7:59  Siege Tank  
  49  8:04  SCV x2  
  54  8:07  SCV  
  54  8:09  Unknown  
  55  8:16  Refinery, SCV  
  55  8:17  Refinery  
  55  8:18  SCV  
  55  8:19  Factory  
  57  8:22  SCV  
  58  8:28  SCV  
  59  8:36  Missile Turret  
  59  8:38  SCV  
  59  8:40  Missile Turret  
  60  8:41  SCV  
  60  8:43  Siege Tank  
  64  8:48  Armory  
  64  8:51  SCV  
  64  8:54  SCV  
  66  8:56  SCV  
  67  9:03  SCV  
  67  9:04  Factory, Factory Reactor  
  67  9:06  Orbital Command  
  67  9:08  Starport Tech Lab  
  68  9:18  Siege Tank  
  68  9:19  SCV  
  68  9:20  Missile Turret  
  72  9:29  Supply Depot  
  72  9:31  Supply Depot  
  72  9:32  Supply Depot, SCV  
  72  9:33  SCV  
  74  9:42  Hellbat  
  74  9:43  Hellbat  
  74  9:44  SCV  
  74  9:45  SCV  
  80  9:50  Siege Tank  
  80  9:51  SCV  
  84  9:58  Factory Tech Lab  
  84  10:00  Refinery  
  84  10:03  SCV  
  84  10:04  Hellbat  
Show
View Real Time Build Order
Export as new Build Order

ItsLLGoodMan Protoss - Winner!

Build Orders: 1 Gate Expand, Dark Templar Rush 

Get SALT Encoding   

  12  0:00  Probe  
  13  0:12  Probe  
  14  0:18  Pylon  
  14  0:26  Probe  
  15  0:38  Probe (Chrono Boost)  
  15  0:39  Gateway  
  16  0:48  Assimilator  
  16  0:49  Probe (Chrono Boost)  
  17  0:54  Probe (Chrono Boost)  
  18  1:04  Probe  
  19  1:16  Probe  
  20  1:27  Cybernetics Core  
  20  1:39  Nexus  
  20  1:43  Probe  
  20  1:46  Pylon  
  21  1:52  Assimilator  
  21  1:56  Probe  
  22  2:02  Adept (Chrono Boost)  
  22  2:05  Warp Gate (Chrono Boost)  
  24  2:10  Probe  
  25  2:23  Probe  
  25  2:28  Stalker (Chrono Boost)  
  25  2:29  Shield Battery  
  27  2:38  Twilight Council  
  27  2:40  Probe  
  28  2:52  Probe  
  28  2:53  Probe  
  30  3:04  Probe  
  31  3:12  Probe  
  32  3:16  Probe  
  33  3:20  Dark Shrine  
  33  3:25  Gateway  
  33  3:28  Probe  
  34  3:34  Probe  
  34  3:35  Robotics Facility  
  34  3:40  Probe  
  36  3:46  Probe  
  36  3:47  Pylon  
  37  3:52  Probe (Chrono Boost)  
  38  3:57  Gateway  
  38  3:59  Probe (Chrono Boost)  
  39  4:04  Probe (Chrono Boost)  
  39  4:09  Probe (Chrono Boost)  
  41  4:11  Probe (Chrono Boost)  
  42  4:19  Probe  
  42  4:20  Probe  
  42  4:23  Observer (Chrono Boost)  
  45  4:31  Probe  
  45  4:32  Probe  
  45  4:35  Assimilator  
  45  4:36  Pylon  
  47  4:43  Pylon, Probe, Warp Prism (Chrono Boost)  
  47  4:44  Probe  
  49  4:47  Pylon  
  49  4:55  Probe  
  49  4:56  Probe  
  51  5:00  Zealot x2  
  51  5:02  Charge  
  55  5:07  Nexus  
  55  5:08  Probe  
  56  5:17  Robotics Bay  
  56  5:19  Forge  
  56  5:20  Zealot x2  
  57  5:42  Dark Templar x2  
  55  5:49  Stalker  
  46  6:09  Probe x2  
  47  6:13  Observer (Chrono Boost)  
  45  6:21  Dark Templar x2  
  47  6:27  Photon Cannon  
  45  6:48  Photon Cannon  
  45  6:51  Probe (Chrono Boost)  
  45  6:52  Probe (Chrono Boost)  
  45  6:53  Photon Cannon  
  44  7:03  Probe (Chrono Boost)  
  44  7:04  Probe (Chrono Boost), Colossus (Chrono Boost)  
  44  7:06  Probe (Chrono Boost)  
  52  7:12  Probe x2 (Chrono Boost)  
  52  7:15  Probe (Chrono Boost)  
  55  7:18  Probe x2  
  55  7:24  Probe  
  55  7:28  Gateway  
  56  7:30  Gateway, Probe x2 (Chrono Boost)  
  56  7:32  Pylon  
  56  7:33  Gateway  
  56  7:35  Gateway  
  59  7:41  Probe (Chrono Boost)  
  59  7:42  Probe x2 (Chrono Boost)  
  61  7:49  Probe (Chrono Boost)  
  61  7:51  Probe (Chrono Boost)  
  63  7:54  Colossus (Chrono Boost)  
  63  7:56  Probe  
  63  7:57  Probe  
  71  8:02  Sentry  
  73  8:10  Probe (Chrono Boost)  
  73  8:12  Probe x2 (Chrono Boost)  
  76  8:13  Zealot x2  
  80  8:22  Probe (Chrono Boost)  
  80  8:26  Shield Battery, Pylon  
  80  8:27  Probe x2 (Chrono Boost)  
  83  8:28  Probe (Chrono Boost)  
  83  8:30  Protoss Ground Weapons Level 1 (Chrono Boost)  
  83  8:32  Extended Thermal Lance (Chrono Boost)  
  83  8:33  Assimilator  
  83  8:34  Probe x2  
  85  8:36  Probe  
  87  8:48  Zealot  
  87  8:49  Stalker, Zealot  
  93  8:55  Probe  
  93  8:59  Probe x2  
  96  9:05  Zealot x4  
  96  9:07  Probe  
  96  9:09  Assimilator  
  105  9:11  Probe, Assimilator  
  105  9:14  Pylon  
  106  9:19  Zealot  
  106  9:22  Pylon x2  
  106  9:23  Pylon  
  108  9:36  Zealot x2, Photon Cannon  
  108  9:37  Dark Templar  
  114  9:50  Templar Archives  
  104  10:15  Zealot  
  104  10:16  Zealot x6  
  104  10:20  Probe x2  
  114  10:23  Nexus  
  114  10:24  Pylon  
  114  10:28  Pylon  
Tags
 
Add a new tag
Caveats
  • Supply blocks, unpowered buildings, or Contaminate may cause inaccurate times.
  • Supply counts are checked every 10 seconds.